Map: 킹스 코브 - 래더

Players

lIIllllIIlll (INnoVation)

  • Race: Terran Terran
  • League: Master
  • Spawn Location: 5:00

TSGSolar (Solar) - Winner!

  • Race: Zerg Zerg
  • League: Diamond
  • Spawn Location: 11:00

Event: 2019 Assembly Summer

VOD

Have the link to the VOD?

Description

Time

  • Played on: Aug. 2, 2019, 7:15 a.m.
  • Length: 17:20

All games in this series

Show
View Real Time Build Order
Export as new Build Order

lIIllllIIlll Terran 

Build Orders: Reaper Expand, Mech 

Get SALT Encoding   

  12  0:01  SCV  
  13  0:13  SCV  
  14  0:18  Supply Depot  
  14  0:25  SCV  
  15  0:39  SCV  
  15  0:41  Barracks  
  16  0:44  Refinery  
  16  0:51  SCV  
  17  1:03  SCV  
  18  1:16  SCV  
  19  1:28  Reaper, Orbital Command  
  20  1:42  Command Center  
  20  1:53  Supply Depot  
  20  1:54  SCV  
  21  2:00  Marine  
  22  2:06  SCV  
  23  2:10  Factory  
  23  2:15  Refinery  
  23  2:18  SCV  
  23  2:22  Barracks Reactor  
  24  2:30  SCV  
  25  2:42  SCV  
  26  2:54  Starport, Orbital Command  
  26  2:55  SCV  
  27  3:07  SCV  
  28  3:14  Command Center  
  28  3:21  SCV x2  
  28  3:24  Hellion  
  32  3:29  Hellion  
  34  3:36  Fusion Core  
  34  3:41  SCV x2  
  36  3:48  Hellion  
  38  3:51  Hellion  
  38  3:53  SCV x2  
  42  3:59  Supply Depot, Starport Tech Lab  
  42  4:05  SCV x2  
  44  4:15  Refinery  
  44  4:17  SCV x2  
  44  4:23  Battlecruiser  
  52  4:29  Hellion  
  52  4:30  Hellion  
  56  4:34  Orbital Command  
  56  4:38  SCV  
  56  4:39  SCV  
  56  4:44  Supply Depot  
  57  4:46  Refinery  
  57  4:53  Hellion  
  57  4:54  Hellion  
  57  4:58  SCV x2  
  57  5:05  Orbital Command  
  57  5:10  Factory, SCV x2  
  57  5:12  Factory  
  59  5:16  Hellion x2  
  63  5:22  Barracks Tech Lab, SCV x2  
  63  5:26  Armory  
  65  5:30  Armory  
  65  5:32  SCV  
  65  5:34  SCV x2  
  68  5:39  Hellion x2  
  72  5:47  SCV x3  
  75  5:51  Supply Depot  
  75  5:52  Supply Depot  
  75  6:00  Starport Reactor  
  75  6:02  SCV x2  
  77  6:11  Infernal Pre-Igniter, Mag-Field Accelerator  
  77  6:13  Cyclone x2, SCV  
  77  6:14  SCV x2  
  77  6:17  Refinery  
  84  6:18  Refinery  
  84  6:23  Hellion x2  
  86  6:26  SCV x2  
  78  6:35  Supply Depot  
  78  6:37  Engineering Bay, SCV  
  78  6:38  SCV x2  
  81  6:41  Terran Vehicle Weapons Level 1, Terran Vehicle And Ship Armor Level 1  
  81  6:45  Cyclone x2  
  87  6:55  SCV x2  
  87  6:56  SCV  
  87  6:59  Supply Depot  
  87  7:00  Supply Depot  
  90  7:03  Barracks Reactor  
  90  7:04  Factory  
  90  7:05  Factory, Barracks Tech Lab  
  90  7:08  Starport Reactor, SCV x3  
  92  7:15  Supply Depot  
  93  7:18  Siege Tank x2  
  93  7:21  Hellion  
  93  7:22  Hellion  
  103  7:23  SCV  
  103  7:24  SCV x2  
  103  7:26  Supply Depot  
  106  7:32  Missile Turret  
  106  7:41  Command Center  
  106  7:43  Liberator  
  106  7:44  Supply Depot, Liberator  
  106  7:49  Hellion  
  106  7:50  Hellion, Siege Tank x2  
  116  7:56  Hellion x2, Siege Tank  
  129  8:08  Missile Turret  
  129  8:14  Hellion x2  
  129  8:17  Hellion  
  129  8:18  Hellion  
  137  8:23  Supply Depot  
  137  8:25  Supply Depot x2  
  137  8:28  Hellion x5  
  137  8:29  Hellion x4  
  132  8:34  Siege Tank x3  
  132  8:41  Missile Turret  
  138  8:42  Hellion  
  138  8:44  Terran Vehicle Weapons Level 2  
  138  8:45  Hellion x2  
  138  8:47  Terran Vehicle And Ship Armor Level 2  
  144  8:53  Supply Depot  
  144  8:54  Supply Depot  
  144  8:55  SCV  
  144  8:56  SCV  
  144  8:57  SCV  
  153  9:14  Hellion x3  
  153  9:15  Cyclone, Hellion  
  153  9:16  Cyclone  
  161  9:18  Cyclone  
  161  9:21  SCV x2  
  161  9:22  SCV  
  161  9:23  Liberator x2  
  167  9:24  Planetary Fortress  
  167  9:29  Refinery x2  
  167  9:33  Orbital Command  
  167  9:40  Missile Turret  
  167  9:41  SCV  
  167  9:42  SCV  
  176  9:50  Cyclone x2  
  163  10:01  SCV x3  
  163  10:06  Liberator x2, Missile Turret  
  166  10:11  Cyclone  
  165  10:20  SCV x3  
  160  10:22  Cyclone  
  160  10:23  Cyclone  
  170  10:32  SCV x2  
  170  10:33  SCV  
  160  10:44  Cyclone  
  160  10:49  Liberator x2  
  163  10:50  Hellion  
  163  10:51  Hellion x3  
  163  10:55  Cyclone x2  
  172  11:15  Hellion x2  
  172  11:16  Hellion x2  
  166  11:26  Terran Ship Weapons Level 1  
  166  11:30  Cyclone  
  166  11:31  Cyclone, Hellion  
  166  11:32  Liberator x2  
  169  11:33  SCV x3  
  170  11:40  Missile Turret  
  170  11:48  Hellion x4  
  170  11:52  Cyclone, Supply Depot x2, SCV  
  170  11:53  SCV x2  
  188  11:58  Smart Servos  
  188  12:01  Missile Turret  
  188  12:02  Missile Turret  
  188  12:09  SCV  
  188  12:13  SCV  
  188  12:14  SCV  
  185  12:17  Liberator  
  185  12:20  Command Center  
  185  12:21  Cyclone x2, SCV  
  196  12:23  Hellion x4  
  196  12:29  Missile Turret  
  198  12:37  Liberator  
  189  12:45  Factory x2  
  189  12:46  Factory  
  178  12:52  Cyclone  
  178  12:53  Cyclone x2, Hellion x3  
  192  13:00  Liberator  
  183  13:15  Hellion  
  183  13:16  Hellion x3  
  183  13:17  Orbital Command  
  194  13:20  Liberator  
  194  13:24  Cyclone  
  194  13:25  Cyclone  
  194  13:26  Cyclone  
  185  13:35  SCV x2  
  185  13:36  Armory x2  
  185  13:37  Hellion x3  
  185  13:38  Factory Tech Lab  
  185  13:39  Factory Tech Lab x2  
  185  13:41  Hellion  
  197  13:43  SCV  
  198  13:51  Command Center  
  198  13:58  Hellion, Sensor Tower  
  200  14:16  Cyclone x2, Liberator  
  199  14:17  Cyclone  
  199  14:30  Liberator  
  186  14:41  Cyclone  
  186  14:42  Cyclone x2  
  186  14:44  Hellion x3  
  186  14:45  Hellion  
  198  14:49  Hellion  
  191  14:54  Cyclone x2  
  193  15:06  Hellion x4  
  192  15:10  Cyclone  
  192  15:13  Cyclone  
  192  15:14  Cyclone x2  
  175  15:16  Viking  
  160  15:26  Cyclone x2  
  160  15:27  Hellion x4  
  159  15:30  Viking  
  158  15:42  Cyclone  
  158  15:46  Cyclone x3  
  159  15:58  Cyclone x2  
  159  16:00  Viking  
  159  16:01  Viking  
  159  16:02  Hellion x4  
  138  16:14  Cyclone  
  127  16:19  Hellion  
  127  16:24  Cyclone x2  
  129  16:31  Hellion  
  129  16:32  Hellion x2  
  124  16:37  Viking x2  
  124  16:38  Hellion  
  126  16:44  Cyclone  
  122  16:54  Hellion x3  
Show
View Real Time Build Order
Export as new Build Order

TSGSolar Zerg - Winner!

Build Orders: Hatch First, Brood Lord Corruptor, Swarm Host 

Get SALT Encoding   

  12  0:01  Drone  
  13  0:12  Overlord  
  13  0:18  Drone  
  14  0:32  Drone x2  
  16  0:49  Hatchery  
  15  0:53  Drone  
  15  0:57  Drone  
  17  0:59  Drone  
  18  1:11  Extractor  
  17  1:15  Spawning Pool  
  17  1:18  Drone  
  17  1:21  Drone  
  18  1:28  Drone  
  19  1:38  Drone  
  20  1:48  Hatchery  
  20  1:52  Drone  
  20  2:02  Queen  
  20  2:04  Zergling x2  
  20  2:07  Zergling x2  
  24  2:16  Queen  
  24  2:22  Overlord  
  26  2:26  Drone  
  27  2:30  Drone  
  27  2:39  Metabolic Boost  
  27  2:41  Spore Crawler, Drone  
  28  2:47  Queen  
  30  2:51  Drone  
  30  2:55  Drone x2  
  30  2:58  Drone  
  34  3:03  Queen  
  36  3:05  Drone  
  36  3:11  Overlord  
  37  3:14  Drone  
  37  3:17  Drone  
  39  3:20  Extractor  
  39  3:21  Drone x2  
  39  3:23  Drone  
  41  3:28  Queen  
  41  3:31  Zergling x2  
  41  3:33  Overlord  
  45  3:36  Drone  
  45  3:38  Drone  
  47  3:41  Drone x2  
  47  3:45  Overlord  
  49  3:52  Zergling x2  
  49  3:53  Overlord  
  49  3:54  Drone  
  51  3:56  Zergling x2  
  51  3:58  Drone x2  
  51  3:59  Drone  
  51  4:00  Drone  
  56  4:07  Lair  
  57  4:10  Drone x2  
  57  4:13  Drone  
  57  4:14  Drone x2  
  57  4:16  Overlord  
  60  4:24  Queen  
  60  4:28  Drone x3  
  65  4:31  Drone  
  65  4:38  Drone x2, Roach Warren  
  65  4:39  Extractor  
  65  4:40  Drone x3, Extractor  
  65  4:42  Overlord  
  65  4:45  Drone  
  69  4:46  Zergling x4  
  69  4:53  Zergling x8  
  69  4:58  Drone x2  
  69  4:59  Drone  
  73  5:03  Queen  
  73  5:05  Overseer  
  75  5:07  Spore Crawler  
  75  5:10  Spore Crawler, Drone  
  75  5:12  Spore Crawler  
  74  5:14  Drone x3  
  74  5:18  Extractor  
  75  5:21  Spire  
  75  5:23  Drone x3  
  75  5:25  Drone  
  75  5:26  Drone  
  75  5:28  Overlord  
  79  5:31  Drone x2  
  79  5:33  Extractor  
  79  5:35  Drone  
  79  5:36  Drone  
  79  5:38  Overlord  
  79  5:39  Overlord  
  81  5:45  Overlord x2  
  81  5:50  Overlord  
  81  5:51  Glial Reconstitution  
  81  5:52  Extractor  
  81  5:54  Overlord  
  81  5:56  Roach, Overlord  
  82  5:58  Roach  
  82  6:02  Roach  
  82  6:03  Roach  
  87  6:05  Zergling x6  
  87  6:10  Zergling x2  
  88  6:12  Drone x3  
  88  6:14  Drone  
  88  6:17  Drone x2  
  94  6:23  Drone x2  
  94  6:26  Drone  
  94  6:28  Drone  
  94  6:30  Drone x2  
  94  6:31  Drone x3  
  96  6:39  Corruptor  
  96  6:40  Corruptor x2  
  96  6:45  Corruptor  
  103  6:49  Corruptor  
  103  6:52  Corruptor  
  107  6:55  Corruptor  
  107  6:59  Zerg Flyer Weapons Level 1  
  107  7:01  Corruptor  
  109  7:04  Overlord  
  109  7:06  Overlord  
  111  7:11  Corruptor  
  113  7:21  Hatchery, Roach x3  
  118  7:23  Roach x2  
  118  7:27  Roach x2  
  118  7:29  Overlord  
  125  7:34  Infestation Pit  
  125  7:35  Drone, Evolution Chamber  
  125  7:36  Drone, Evolution Chamber  
  124  7:40  Drone x2  
  124  7:42  Roach x2  
  130  7:45  Zergling x2  
  130  7:46  Zergling x2  
  130  7:48  Overlord  
  130  7:49  Roach  
  134  7:53  Overlord  
  134  7:54  Zergling x6  
  136  8:00  Overlord  
  136  8:01  Roach x2  
  136  8:03  Roach  
  136  8:04  Roach  
  143  8:06  Roach  
  143  8:10  Overlord  
  145  8:15  Zerg Ground Armor Level 1, Zerg Missile Weapons Level 1  
  145  8:17  Nydus Network  
  143  8:21  Drone  
  143  8:22  Drone x2  
  143  8:24  Drone  
  139  8:35  Swarm Host x7  
  139  8:38  Swarm Host  
  161  8:42  Swarm Host x2, Extractor  
  161  8:47  Swarm Host  
  169  8:49  Overlord  
  169  8:53  Extractor  
  169  8:54  Drone  
  169  8:57  Roach x2  
  169  8:58  Baneling Nest  
  169  9:01  Drone x3, Ravager  
  176  9:05  Drone x4  
  176  9:06  Ravager  
  176  9:08  Ravager  
  181  9:15  Nydus Canal  
  179  9:17  Drone  
  179  9:19  Zergling x8  
  185  9:24  Ravager  
  185  9:25  Hatchery  
  185  9:26  Spine Crawler  
  185  9:29  Zergling x14  
  190  9:36  Zergling x2  
  190  9:37  Zergling x12  
  197  9:40  Hive  
  197  9:44  Roach x3  
  195  9:54  Centrifical Hooks  
  195  9:58  Ravager  
  195  9:59  Zergling x2  
  199  10:00  Zergling x8  
  199  10:05  Nydus Canal  
  199  10:07  Baneling x8  
  199  10:10  Zerg Melee Weapons Level 1  
  199  10:12  Zergling x6  
  197  10:16  Zergling x8  
  197  10:18  Zergling x2  
  197  10:19  Zergling x2  
  197  10:21  Zergling x8  
  197  10:28  Zergling x10  
  197  10:32  Zergling x6  
  197  10:36  Zergling x8  
  197  10:40  Zergling x6  
  199  10:44  Nydus Canal  
  199  10:49  Baneling x13  
  199  10:53  Zergling x6  
  199  10:54  Zergling x10  
  199  11:09  Drone  
  199  11:11  Drone  
  197  11:17  Baneling x5  
  197  11:23  Zerg Missile Weapons Level 2, Corruptor  
  197  11:25  Zergling x2  
  200  11:26  Greater Spire  
  200  11:32  Baneling x3  
  200  11:38  Zergling x16  
  200  11:46  Drone x4  
  200  11:48  Baneling x3  
  200  11:50  Extractor  
  192  11:55  Zergling x2, Extractor  
  192  11:56  Zergling x16  
  192  12:00  Nydus Canal  
  200  12:07  Spine Crawler  
  199  12:09  Drone  
  199  12:10  Spore Crawler  
  194  12:30  Zergling x12  
  194  12:35  Baneling x5  
  196  12:38  Baneling x9  
  196  12:40  Zergling x26  
  196  12:43  Corruptor x3  
  198  12:49  Corruptor  
  198  12:50  Corruptor x2  
  197  12:52  Zerg Melee Weapons Level 2, Nydus Canal  
  197  12:56  Viper, Drone  
  197  12:57  Corruptor x2  
  200  13:00  Zerg Flyer Weapons Level 2  
  200  13:04  Corruptor  
  196  13:08  Hatchery  
  196  13:12  Zergling x22  
  194  13:25  Zergling x20  
  196  13:29  Zergling x2  
  197  13:34  Zergling x4  
  197  13:37  Nydus Canal  
  197  13:39  Baneling x10  
  197  13:40  Zerg Missile Weapons Level 3  
  199  13:47  Baneling x4  
  199  13:50  Adrenal Glands  
  199  13:53  Nydus Canal  
  199  14:01  Zergling x4  
  200  14:07  Nydus Canal  
  200  14:12  Zergling x10  
  200  14:14  Corruptor x3  
  191  14:28  Baneling x4  
  191  14:31  Brood Lord  
  191  14:32  Brood Lord  
  191  14:33  Brood Lord x2  
  191  14:36  Zergling x8  
  190  14:48  Brood Lord x4  
  190  14:52  Zergling x10  
  199  14:53  Baneling  
  199  14:54  Baneling x6  
  199  14:58  Zergling x6  
  200  15:01  Zergling x2  
  200  15:02  Zergling x4  
  200  15:04  Zergling x2  
  200  15:05  Zergling x6  
  200  15:06  Zergling x2  
  198  15:08  Zergling x2  
  198  15:14  Zergling x40  
  185  15:16  Zergling x10  
  185  15:21  Nydus Canal  
  197  15:30  Baneling x3  
  197  15:31  Corruptor  
  197  15:33  Baneling x6  
  197  15:34  Baneling x3  
  199  15:39  Baneling  
  198  15:51  Corruptor  
  198  15:54  Corruptor x5  
  199  15:59  Zergling x8  
  193  16:05  Zergling x2  
  193  16:06  Zergling x22  
  193  16:09  Zergling x18  
  191  16:16  Roach x2, Nydus Canal  
  190  16:19  Baneling x9  
  190  16:20  Ravager x2  
  190  16:24  Zergling x8  
  187  16:29  Roach x3  
  187  16:32  Zergling x14  
  194  16:36  Zergling x6  
  194  16:37  Baneling x3  
  194  16:39  Baneling  
  191  16:41  Zergling x6  
  191  16:45  Zergling x6  
  191  16:47  Zergling x4  
  192  16:49  Zergling x4  
  183  16:54  Zergling x2  
  183  16:55  Zergling x6  
  183  16:56  Baneling x5  
  183  17:00  Zergling x2  
  183  17:01  Zergling x6  
  188  17:03  Zergling x2  
Tags
 
Add a new tag
Caveats
  • Supply blocks, unpowered buildings, or Contaminate may cause inaccurate times.
  • Supply counts are checked every 10 seconds.